 Dungeon Crawl Stone Soup version 0.28-a0-1130-gc51a68064b (webtiles) character file.

Game seed: 6656190796485427817

210 Zonian the Grave Robber (level 5, -1/52 HPs)
             Began as a Demonspawn Necromancer on Dec 13, 2021.
             Slain by a gnoll (8 damage)
             ... on level 3 of the Dungeon.
             The game lasted 00:04:48 (4110 turns).

Zonian the Grave Robber (Demonspawn Necromancer)    Turns: 4110, Time: 00:04:48

Health: -1/52      AC:  3    Str: 10    XL:     5   Next: 57%
Magic:  3/9        EV: 12    Int: 16    God:
Gold:   129        SH:  4    Dex: 14    Spells: 9/10 levels left

rFire   x . .      SeeInvis .   k - +4 flail (vorpal)
rCold   + . .      Faith    .   (no shield)
rNeg    . . .      Spirit   .   a - +0 robe
rPois   .          Reflect  .   (no helmet)
rElec   .          Harm     .   (no cloak)
rCorr   .          Rampage  .   (no gloves)
Will    .....                   d - +0 pair of boots
Stlth   ..........              (no amulet)
HPRegen 0.17/turn               g - ring of ice
MPRegen 0.11/turn               (no ring)

@: berserking, very quick
A: condensation shield, demonic touch 1
a: no special abilities


You were on level 3 of the Dungeon.
You visited 1 branch of the dungeon, and saw 3 of its levels.

You collected 129 gold pieces.

Inventory:

Hand Weapons
 f - a +0 dagger
 k - a +4 vorpal flail (weapon)
Missiles
 e - 25 sling bullets
 h - 2 boomerangs of dispersal
Armour
 a - a +0 robe (worn)
 d - a +0 pair of boots (worn)
Jewellery
 g - a ring of ice (left hand)
 i - an amulet of faith
Scrolls
 j - a scroll of enchant armour {unknown}
Potions
 b - a potion of might {unknown}
 c - 2 potions of curing {unknown}
 l - a potion of resistance {unknown}
 m - a potion of heal wounds {unknown}


   Skills:
 + Level 1.5 Maces & Flails
 + Level 2.8 Dodging
 + Level 3.1 Stealth
 + Level 3.0 Spellcasting
 + Level 5.2 Necromancy


You had 9 spell levels left.
You knew the following spells:

 Your Spells              Type           Power      Damage    Failure   Level
a - Pain                  Necr           76%        1d7       2%          1

Your spell library contained the following spells:

 Spells                   Type           Power      Damage    Failure   Level
 Animate Skeleton         Necr           38%        N/A       2%          1
 Vampiric Draining        Necr           19%        2d7       6%          3
 Foxfire                  Conj/Fire      8%         2x1d4     19%         1
 Animate Dead             Necr           9%         N/A       22%         4
 Conjure Flame            Conj/Fire      2%         6-21      50%         3
 Inner Flame              Hex/Fire       2%         N/A       50%         3
 Agony                    Necr           19%        N/A       52%         5
 Flame Wave               Conj/Fire      2%         2d4       88%         4
 Blade Hands              Tmut           1%         N/A       99%         5
 Irradiate                Conj/Tmut      1%         3d14      99%         5
 Dragon Form              Tmut           1%         N/A       100%        7


Dungeon Overview and Level Annotations

Branches:
Dungeon (3/15)

Altars:


Innate Abilities, Weirdness & Mutations

A meltable shield of frost defends you. (SH +4)
Your touch may inflict minor irresistible damage on your foes.


Message History

You kill the gnoll!
Unknown command.
Unknown command.
The gnoll writhes in agony.
The gnoll barely misses you. The gnoll closely misses you.
The gnoll writhes in agony.
The gnoll hits you from afar with a +0 spear.
The gnoll barely misses you.
The gnoll writhes in agony.
You kill the gnoll!
The gnoll hits you from afar with a +0 spear.
Unknown command.
You hit the gnoll.
The gnoll is moderately wounded.
The gnoll hits you with a +0 whip! You block the gnoll's attack.
You closely miss the gnoll.
The gnoll is moderately wounded.
The gnoll barely misses you. You block the gnoll's attack.
Unknown command.
You are too injured to fight recklessly!
You are too injured to fight recklessly!
Unknown command.
Casting: Pain (safe; 2% risk of failure)
Confirm with . or Enter, or press ? or * to list all spells.
Aiming: Pain (safe; 2% risk of failure)
Press: ? - help, Shift-Dir - straight line, f - gnoll
Aim: a gnoll, wielding a +0 whip (moderately wounded, chance to affect: 84%)
The gnoll barely resists.
The gnoll hits you from afar with a +0 spear.
* * * LOW HITPOINT WARNING * * *
The gnoll barely misses you.
A red film seems to cover your vision as you go berserk!
You feel yourself moving faster!
You feel mighty!
The gnoll hits you from afar with a +0 spear!
* * * LOW HITPOINT WARNING * * *
The gnoll closely misses you.
You bludgeon the gnoll!!
You kill the gnoll!
The gnoll hits you from afar with a +0 spear!
You die...

#######
......#
###########
......#
#.#......<..#
......#
#.......###.#
......#
.....##.#
#.##g.....#
##.####.#
#.@)......#
...#....#
####......#
######.#.####
.######
.......#.##
##
...###.)..#
...#......#
♣...#....#
♣♣..#....#
♣♣......#


You could see a gnoll.

Vanquished Creatures
  A scorpion (D:3)
  2 orc wizards (D:3)
  3 gnolls (D:3)
  3 adders
  10 orcs
  5 ball pythons
  3 endoplasms
  2 giant cockroaches
  4 hobgoblins
  4 kobolds
  5 frilled lizards
  5 goblins
  3 rats
50 creatures vanquished.

Vanquished Creatures (others)
  8 plants (D:3)
8 creatures vanquished.

Grand Total: 58 creatures vanquished

Notes
Turn   | Place    | Note
-------+----------+-------------------------------------------
     0 | D:1      | Zonian the Demonspawn Necromancer began the quest for the
                  | Orb.
     0 | D:1      | Reached XP level 1. HP: 13/13 MP: 3/3
  1030 | D:1      | Gained mutation: A meltable shield of frost defends you.
                  | (SH +4) [demonic ancestry]
  1030 | D:1      | Reached XP level 2. HP: 17/19 MP: 3/5
  2004 | D:2      | Reached XP level 3. HP: 21/24 MP: 3/6
  3138 | D:3      | Noticed a scorpion
  3218 | D:3      | Reached XP level 4. HP: 17/30 MP: 0/7
  3226 | D:3      | Reached skill level 1 in Maces & Flails
  3226 | D:3      | Reached skill level 5 in Necromancy
  3518 | D:3      | Killed a scorpion
  3519 | D:3      | Gained mutation: Your touch may inflict minor irresistible
                  | damage on your foes. [demonic ancestry]
  3519 | D:3      | Reached XP level 5. HP: 21/35 MP: 2/9
  4110 | D:3      | Slain by a gnoll

Illustrated notes

Levels and vault maps discovered:
D:1:      matt_arrival_los_fun, layout_basic
D:2:      layout_basic
D:3:      layout_basic, dilly_ecumenical_altar_fadedgnrine, minmay_cut_off

Skill      XL: |  1  2  3  4  5 |
---------------+----------------+-----
Stealth        | 2 3 |  3.1
Dodging        | 2 |  2.8
Maces & Flails | 1 |  1.5
Necromancy     | 5 |  5.2
Spellcasting   | 3 |  3.0

Action                   |  1- 3 |  4- 6 || total
-------------------------+-------+-------++-------
Melee: Unarmed           |     6 |       ||     6
       Dagger            |     7 |       ||     7
       Flail             |    24 |    14 ||    38
 Cast: Pain              |    38 |    29 ||    67
  Use: Scroll            |     4 |       ||     4
       Potion            |       |     2 ||     2
 Stab: Sleeping          |     6 |       ||     6
Armor: Robe              |    11 |     4 ||    15
Dodge: Dodged            |    22 |    12 ||    34
Block: Other             |     4 |     3 ||     7

Table legend: (Time is in decaauts)
 A = Elapsed time spent in this place.
 B = Non-inter-level travel time spent in this place.
 C = Inter-level travel time spent in this place.
 D = Time resting spent in this place.
 E = Time spent auto-exploring this place.
 F = Levels seen in this place.
 G = Mean time per level.
                   A        B        C        D        E       F      G
               +--------+--------+--------+--------+--------+-----+--------+
         Total |   4135 |   4035 |    100 |   1254 |   2230 |   3 | 1378.3 |
       Dungeon |   4135 |   4035 |    100 |   1254 |   2230 |   3 | 1378.3 |
               +--------+--------+--------+--------+--------+-----+--------+

Top non-repeatable levels by time:
     D:1: 1697 daAuts
     D:2: 1413 daAuts
     D:3: 1024 daAuts
